 Dungeon Crawl Stone Soup version 0.27.1-34-g3ba077fa99 (webtiles) character file.

Game seed: 9849869388403398071

49393 alasdair19 the Carver (level 14, -6/124 HPs)
             Began as a Minotaur Fighter on Jan 4, 2022.
             Was the Champion of Okawaru.
             Killed from afar by a tengu reaver (25 damage)
             ... with a bolt of fire
             ... on level 10 of the Dungeon on Jan 6, 2022.
             The game lasted 01:17:30 (19676 turns).

alasdair19 the Carver (Minotaur Fighter)           Turns: 19676, Time: 01:17:31

Health: -6/124     AC: 19    Str: 37    XL:     14   Next: 15%
Magic:  21/21      EV:  9    Int:  6    God:    Okawaru [******]
Gold:   1076       SH: 20    Dex: 10    Spells: 13/13 levels left

rFire    . . .     SeeInvis .   e - +2 scimitar (vorpal)
rCold    + . .     Faith    .   c - +0 kite shield
rNeg     . . .     Spirit   .   F - +1 chain mail {rC+}
rPois    .         Reflect  +   (helmet restricted)
rElec    .         Harm     .   C - +0 cloak
rCorr    .         Rampage  +   b - +1 pair of gloves
Will     +....                  s - +1 pair of boots {rampage}
Stlth    ..........             d - amulet of reflection
HPRegen  0.30/turn              g - +6 ring of strength
MPRegen  0.17/turn              a - +6 ring of strength

@: lethally poisoned (-6 -> -13)
A: horns 2, retaliatory headbutt
a: Renounce Religion, Heroism, Finesse


You were on level 10 of the Dungeon.
You worshipped Okawaru.
Okawaru was exalted by your worship.
You visited 3 branches of the dungeon, and saw 17 of its levels.

You collected 1310 gold pieces.
You spent 234 gold pieces at shops.

Inventory:

Hand Weapons
 e - a +2 vorpal scimitar (weapon)
 h - a +0 short sword of venom
 j - a +0 vorpal hunting sling
 q - a +0 fustibalus
Missiles
 w - 169 sling bullets
 z - 2 atropa-tipped darts (quivered)
Armour
 b - a +1 pair of gloves (worn)
 c - a +0 kite shield (worn)
 f - a +0 plate armour
 s - a +1 pair of boots of rampaging (worn)
 t - a +0 pair of boots
 C - a +0 cloak (worn)
 F - a +1 chain mail of cold resistance (worn)
Jewellery
 a - a +6 ring of strength (right hand)
 d - an amulet of reflection (around neck)
 g - a +6 ring of strength (left hand)
Wands
 k - a wand of paralysis (33)
 l - a wand of charming (6)
 u - a wand of flame (55)
 Q - a wand of iceblast (8)
 R - a wand of mindburst (10)
Scrolls
 m - 2 scrolls of amnesia
 o - 2 scrolls of fear
 r - a scroll of enchant weapon {unknown}
 y - a scroll of vulnerability {unknown}
 D - a scroll of holy word {unknown}
 E - a scroll of fog
 I - a scroll of brand weapon
 J - a scroll of magic mapping
 L - a scroll of enchant armour
 M - a scroll of teleportation
 O - a scroll of blinking
Potions
 i - 3 potions of curing
 p - 3 potions of invisibility
 v - 5 potions of flight
 x - 3 potions of mutation
 A - 3 potions of heal wounds
 B - a potion of haste {unknown}
 G - 11 potions of ambrosia
 H - 2 potions of resistance
 K - 2 potions of berserk rage
 P - a potion of magic
Miscellaneous
 n - a phantom mirror
 N - a phantom mirror


   Skills:
 + Level 11.2 Fighting
 - Level 2.1(9.0) Short Blades
 + Level 14.2(14.3) Long Blades
 + Level 8.7 Slings
 + Level 0.6(4.9) Throwing
 + Level 11.3 Armour
 - Level 1.0 Dodging
 - Level 0.2 Stealth
 + Level 13.9 Shields
 * Level 10.7 Invocations


You had 13 spell levels left.
You didn't know any spells.
Your spell library contained the following spells:

 Spells                   Type           Power      Damage    Failure   Level
 Animate Skeleton         Necr           0%         N/A       86%         1
 Apportation              Tloc           0%         N/A       86%         1
 Corona                   Hex            0%         N/A       86%         1
 Shock                    Conj/Air       0%         1d3       86%         1
 Summon Small Mammal      Summ           0%         N/A       86%         1
 Ensorcelled Hibernation  Hex/Ice        0%         N/A       94%         2
 Passwall                 Tmut/Erth      0%         N/A       94%         2
 Slow                     Hex            0%         N/A       94%         2
 Sublimation of Blood     Necr           0%         N/A       94%         2
 Call Canine Familiar     Summ           0%         N/A       99%         3
 Gell's Gravitas          Tloc           0%         N/A       99%         3
 Ignite Poison            Fire/Tmut/Pois 0%         N/A       99%         3
 Mephitic Cloud           Conj/Pois/Air  0%         N/A       99%         3
 Ozocubu's Armour         Ice            0%         N/A       99%         3
 Portal Projectile        Hex/Tloc       0%         N/A       99%         3
 Spider Form              Tmut/Pois      0%         N/A       99%         3
 Swiftness                Air            0%         N/A       99%         3
 Teleport Other           Tloc           0%         N/A       99%         3
 Airstrike                Air            0%         N/A       100%        4
 Hailstorm                Conj/Ice       0%         3d3       100%        4
 Ice Form                 Ice/Tmut       0%         N/A       100%        4
 Leda's Liquefaction      Hex/Erth       0%         N/A       100%        4
 Petrify                  Tmut/Erth      0%         N/A       100%        4
 Summon Ice Beast         Ice/Summ       0%         N/A       100%        4
 Bolt of Magma            Conj/Fire/Erth 0%         4d4       100%        5
 Irradiate                Conj/Tmut      0%         3d14      100%        5
 Dispersal                Tloc           0%         N/A       100%        6
 Shadow Creatures         Summ           N/A        N/A       100%        6
 Simulacrum               Ice/Necr       0%         N/A       100%        6
 Ozocubu's Refrigeration  Ice            0%         4d5       100%        7


Dungeon Overview and Level Annotations

Branches:
Dungeon (10/15)            Temple (1/1) D:5            Lair (6/6) D:9
 Shoals (0/4) Lair:4        Snake (0/4) Lair:3        Slime (0/5) Lair:5
    Orc: D:9-12

Altars:
Ashenzari
Cheibriados
Dithmenos
Elyvilon
Fedhas
Gozag
Hepliaklqana
Kikubaaqudgha
Makhleb
Nemelex Xobeh
Okawaru
Qazlal
Ru
Sif Muna
Trog
Uskayaw
Vehumet
Wu Jian
Xom
Yredelemnul
Zin
The Shining One
Jiyva

Shops:
D:5 (   D:6 (   D:10 =

Annotations:
Lair:1 exclusion: oklob plant


Innate Abilities, Weirdness & Mutations

You have a pair of horns on your head.
You reflexively headbutt those who attack you in melee.


Message History

There is a stone staircase leading up here.
You climb upwards.
There is a stone staircase leading down here.
You start resting.
Magic restored.
You start resting.
HP restored.
You climb downwards.
The tengu reaver points at you and mumbles some strange words.
The bolt of poison hits you!!!
You are poisoned.
There is a stone staircase leading up here.
You rampage towards the tengu reaver!
You closely miss the tengu reaver. Your headbutt misses the tengu reaver.
You feel very sick.
The tengu reaver points at you and mumbles some strange words.
The bolt of fire hits you!
You hit the tengu reaver but do no damage.
You feel very sick. The tengu reaver misses you. You furiously retaliate!
You headbutt the tengu reaver!
The tengu reaver pecks you but does no damage.
You block the tengu reaver's attack.
You miss the tengu reaver.
The tengu reaver is lightly wounded.
You feel sick.
Your shield prevents you from hitting the tengu reaver.
You headbutt the tengu reaver, but do no damage.
The tengu reaver is lightly wounded.
You feel sick.
The tengu reaver hits you with a +3 bardiche of venom!!
The tengu reaver completely misses you. You block the tengu reaver's attack.
The salamander hits you.
* * * LOW HITPOINT WARNING * * *
You are engulfed in flames!
* * * LOW HITPOINT WARNING * * *
You feel very sick.
The tengu reaver points at you and mumbles some strange words.
The bolt of fire hits you!!
You die...

##..###...##._.##)#####..##
....##...###.).##.# #....#
#####...#∩#...###.# #.##.#
#.#...###...##.#.# #.##.#
#.#._.##...###..[####<##.#
#.#####...##..........##.#######
#...##...###.......##...........
###.#...##.........(..#(........
#........#...@.....##.########
#####...##.N..........# ♣..
###.##.Q.......##.# ♣.##
#.#.............# ♣
#..T####.#......#
####..####..(.....#
###...........#######
###...##.#####..#♣♣.♣♣
####...####.#####..#♣.≈.♣#
♣♣♣♣♣♣


You could see a tengu reaver, a salamander and a troll.

Vanquished Creatures
  9 hydras
  A centaur warrior (D:10)
  A two-headed ogre (D:9)
  6 death yaks (Lair:2)
  The ghost of strmdvr the Fighter, a novice GrCj of Vehumet (D:9)
  A deep elf knight (D:9)
  Sonja (D:10)
  Pikel (D:9)
  6 elephants (Lair:6)
  6 black mambas
  23 cane toads
  2 torpor snails
  2 kobold demonologists (D:9)
  5 rime drakes
  5 komodo dragons
  3 trolls
  A queen bee (D:9)
  A polar bear (Lair:6)
  2 hornets
  3 tyrant leeches (Lair:6)
  2 dream sheep (Lair:6)
  15 blink frogs
  2 wyverns
  32 yaks
  2 basilisks
  A wraith (D:9)
  A ynoxinul (D:10)
  A steam dragon (D:10)
  5 vampire mosquitoes (Lair:6)
  A naga (Lair:3)
  An acid dragon (D:9)
  14 water moccasins
  4 orc warriors
  Duvessa (D:6)
  5 black bears
  3 ogres
  A boggart (D:9)
  A sky beast (D:5)
  A necrophage (D:7)
  21 wolves
  A lemure (D:9)
  7 centaurs
  3 phantoms
  6 kobold brigands
  Blork the orc (D:5)
  19 bullfrogs
  3 gnoll sergeants
  A water moccasin zombie (D:5)
  Dowan (D:6)
  A water moccasin skeleton (D:5)
  31 killer bees
  8 wights
  5 electric eels
  5 howler monkeys
  2 centaur zombies
  2 bullfrog zombies
  3 bullfrog skeletons
  6 hounds
  Crazy Yiuf (D:7)
  A centaur skeleton (D:7)
  A gnoll shaman (D:6)
  A jelly (D:5)
  3 orc priests
  3 iguanas (D:5)
  A scorpion zombie (D:5)
  3 orc wizards (D:6)
  A centaur simulacrum (D:9)
  4 hound skeletons
  2 howler monkey zombies
  27 gnolls
  7 adders
  3 white imps
  2 ufetubi (D:6)
  2 adder skeletons (D:5)
  2 worms (D:2)
  A dart slug (D:2)
  18 orcs
  2 bats
  9 endoplasms
  3 giant cockroaches
  7 goblins
  2 hobgoblins (D:3)
  6 jackals
  4 quokkas
  3 ball pythons
  4 frilled lizards
  20 kobolds
  3 rats
  A spectral orc (D:6)
  A butterfly (Lair:1)
447 creatures vanquished.

Vanquished Creatures (others)
  A kobold (D:9)
  55 fungi
  140 plants
196 creatures vanquished.

Grand Total: 643 creatures vanquished

Notes
Turn   | Place    | Note
-------+----------+-------------------------------------------
     0 | D:1      | alasdair19 the Minotaur Fighter began the quest for the
                  | Orb.
     0 | D:1      | Reached XP level 1. HP: 19/19 MP: 0/0
    91 | D:1      | Found a faded altar of an unknown god.
   599 | D:1      | Reached XP level 2. HP: 26/27 MP: 1/1
   845 | D:2      | Reached skill level 3 in Long Blades
   986 | D:2      | Reached XP level 3. HP: 28/33 MP: 2/2
  1866 | D:4      | Found a radiant altar of Vehumet.
  1894 | D:4      | Noticed a black bear
  1901 | D:4      | Killed a black bear
  1902 | D:4      | Reached skill level 4 in Long Blades
  1902 | D:4      | Reached XP level 4. HP: 17/41 MP: 3/3
  1902 | D:4      | Reached XP level 5. HP: 20/47 MP: 4/4
  2230 | D:4      | Reached skill level 5 in Long Blades
  2260 | D:4      | Reached skill level 5 in Shields
  2274 | D:4      | Reached skill level 1 in Dodging
  2285 | D:4      | Noticed an ogre
  2291 | D:4      | Killed an ogre
  2292 | D:4      | Reached XP level 6. HP: 45/53 MP: 5/5
  2441 | D:4      | Reached skill level 6 in Long Blades
  2441 | D:4      | Reached skill level 5 in Armour
  2653 | D:4      | Reached XP level 7. HP: 55/60 MP: 6/6
  2837 | D:5      | Entered Level 5 of the Dungeon
  2867 | D:5      | Found a staircase to the Ecumenical Temple.
  2876 | D:5      | Reached skill level 5 in Fighting
  2882 | Temple   | Entered the Ecumenical Temple
  2990 | Temple   | Became a worshipper of Warmaster Okawaru
  3199 | D:5      | Found Hufoq's Weapon Boutique.
  3275 | D:5      | Reached skill level 1 in Invocations
  3539 | D:5      | Noticed Blork the orc
  3545 | D:5      | Killed Blork the orc
  3546 | D:5      | Reached skill level 7 in Long Blades
  3661 | D:5      | Reached * piety under Okawaru
  3662 | D:5      | Reached XP level 8. HP: 67/68 MP: 8/8
  3953 | D:5      | Reached skill level 8 in Long Blades
  4397 | D:6      | Found a basalt altar of Yredelemnul.
  4536 | D:6      | Found a stormy altar of Qazlal.
  4635 | D:6      | Reached ** piety under Okawaru
  4636 | D:6      | Reached skill level 1 in Slings
  4758 | D:6      | Found Wuli's Weapon Shoppe.
  4766 | D:6      | Bought a +2 vorpal scimitar for 234 gold pieces
  4784 | D:6      | Noticed Duvessa
  4786 | D:6      | Noticed Dowan
  4805 | D:6      | Killed Duvessa
  4806 | D:6      | Reached XP level 9. HP: 44/75 MP: 10/10
  5720 | D:6      | Killed Dowan
  6202 | D:7      | Reached *** piety under Okawaru
  6474 | D:6      | Reached skill level 9 in Long Blades
  6942 | D:7      | Found a runed translucent door.
  6942 | D:7      | Noticed Crazy Yiuf
  7061 | D:7      | Killed Crazy Yiuf
  7773 | D:9      | Reached skill level 5 in Invocations
  7781 | D:9      | Noticed Pikel
  7803 | D:9      | Reached XP level 10. HP: 79/84 MP: 12/12
  7817 | D:9      | Killed Pikel
  7817 | D:9      | Reached **** piety under Okawaru
  7818 | D:9      | Reached skill level 5 in Slings
  8212 | D:9      | Reached skill level 10 in Long Blades
  8296 | D:9      | Received a gift from Okawaru
  8379 | D:9      | Noticed an orange demon
  8387 | D:9      | Noticed a sun demon
  8392 | D:9      | Noticed a smoke demon
  8715 | D:9      | Received a gift from Okawaru
  8738 | D:9      | Found a staircase to the Lair.
  8773 | D:9      | Reached ***** piety under Okawaru
  8797 | D:9      | Reached skill level 10 in Shields
  9148 | D:9      | Received a gift from Okawaru
  9198 | D:9      | Reached XP level 11. HP: 92/92 MP: 14/14
  9379 | D:9      | Found a runed translucent door.
  9387 | D:9      | Noticed strmdvr's ghost (novice GrCj)
  9412 | D:9      | Killed strmdvr's ghost
  9653 | D:9      | Noticed a deep elf knight
  9666 | D:9      | Killed a deep elf knight
  9667 | D:9      | Reached skill level 11 in Long Blades
  9902 | D:10     | Entered Level 10 of the Dungeon
  9904 | D:10     | Noticed Sonja
  9977 | D:10     | Noticed a two-headed ogre
 10088 | D:9      | Killed a two-headed ogre
 10679 | Lair:1   | Entered Level 1 of the Lair of Beasts
 11881 | Lair:1   | Noticed a six-headed hydra
 11889 | Lair:1   | Killed a six-headed hydra
 11945 | Lair:1   | Noticed an oklob plant
 12261 | Lair:2   | Noticed a death yak
 12261 | Lair:2   | Noticed a seven-headed hydra
 12261 | Lair:2   | Noticed a death yak
 12261 | Lair:2   | Noticed a death yak
 12263 | Lair:2   | Noticed a death yak
 12268 | Lair:2   | Noticed a death yak
 12273 | Lair:2   | Noticed a death yak
 12275 | Lair:2   | Killed a seven-headed hydra
 12288 | Lair:2   | Killed a death yak
 12288 | Lair:2   | Received a gift from Okawaru
 12289 | Lair:2   | Reached skill level 1 in Short Blades
 12295 | Lair:2   | Killed a death yak
 12296 | Lair:2   | Reached XP level 12. HP: 59/103 MP: 11/17
 12299 | Lair:2   | Killed a death yak
 12312 | Lair:2   | Killed a death yak
 12312 | Lair:2   | Received a gift from Okawaru
 12320 | Lair:2   | Killed a death yak
 12334 | Lair:2   | Killed a death yak
 12335 | Lair:2   | Reached skill level 12 in Long Blades
 13559 | Lair:3   | Reached skill level 10 in Armour
 13565 | Lair:3   | Received a gift from Okawaru
 13926 | Lair:3   | Identified the +6 battleaxe of Benevolence {drain, rPois
                  | rN+ Str-5}
 13934 | Lair:3   | You fall into a shaft and drop 1 floor!
 14110 | Lair:3   | Found a staircase to the Snake Pit.
 14513 | Lair:4   | Found a staircase to the Shoals.
 14804 | Lair:4   | Reached skill level 13 in Long Blades
 14911 | Lair:4   | Noticed a seven-headed hydra
 14921 | Lair:4   | Killed a seven-headed hydra
 14922 | Lair:4   | Reached XP level 13. HP: 95/113 MP: 19/19
 15289 | Lair:4   | Got the Incunabulum of Unstable Snow
 15607 | Lair:5   | Found a staircase to the Slime Pits.
 15607 | Lair:5   | Found a viscous altar of Jiyva.
 15673 | Lair:5   | Reached skill level 10 in Fighting
 16480 | Lair:6   | Entered Level 6 of the Lair of Beasts
 16569 | Lair:6   | Reached ****** piety under Okawaru
 16569 | Lair:6   | Received a gift from Okawaru
 16685 | Lair:6   | Reached skill level 10 in Invocations
 16976 | Lair:6   | Received a gift from Okawaru
 17513 | Lair:6   | Received a gift from Okawaru
 17855 | Lair:6   | Reached skill level 14 in Long Blades
 17947 | Lair:6   | Reached XP level 14. HP: 101/124 MP: 20/20
 18566 | D:10     | Killed Sonja
 18823 | D:10     | Found Suwkea Nuits's Jewellery Emporium.
 18865 | D:10     | Found a bloodstained altar of Trog.
 18875 | D:10     | Found a shimmering blue altar of Sif Muna.
 18879 | D:10     | Got Sif Muna's Catalogue of Dusty Beguiling
 18902 | D:10     | Found an ornate altar of the Wu Jian Council.
 19255 | D:10     | Noticed a tengu reaver
 19676 | D:10     | Killed from afar by a tengu reaver

Illustrated notes

Levels and vault maps discovered:
D:1:      lightli_arrival_lavapool, layout_basic,
          hellmonk_ecumenical_altar_blasted, serial_forest,
          infiniplex_forest_lined_room_2, infiniplex_forest_clump_curved,
          infiniplex_forest_diagonal, infiniplex_forest_fountain,
          infiniplex_forest_straight_2, fountainhead, grunt_decor_junction,
          minmay_misc_feat_nine_boxes
D:2:      layout_rooms
D:3:      layout_basic, dk_noncrumbling_4, supply_closet_lemuel
D:4:      layout_loops_ring, nicolae_vehumet_radiance, minmay_misc_feat_rugged
D:5:      layout_loops_ring, minmay_temple_entry_glass, serial_shops,
          nicolae_shop_stone, minmay_misc_feat_chi, minmay_joined_circles,
          uniq_blork_the_orc
D:6:      layout_cave_pods, yredelemnul_forgotten_temple_becter,
          grunt_qazlal_clouds, serial_gnoll_camp, gnoll_camp_mini_shop,
          gnoll_camp_mini_doghouse, gnoll_camp_mini_hut, gnoll_camp_mini_basic,
          uniq_duvessa
D:7:      layout_gridville, uniq_crazy_yiuf_cottage
D:8:      layout_rooms
D:9:      layout_roguey [special_room_bee], grunt_lair_entry_orc_guard_hut,
          ebering_ghost_inner_flame, minmay_three_doors, uniq_pikel
D:10:     nzn_winding_woodlands_cross [nzn_winding_woodlands_5x15_crooked,
          nzn_winding_woodlands_5x15_pockets,
          nzn_winding_woodlands_5x15_river_crossing,
          nzn_winding_woodlands_5x15_cabin,
          nzn_winding_woodlands_15x15_killbox], layout_rooms,
          nzn_overflow_gifts_of_might_and_magic, nicolae_wu_jian_wuxing_cycle,
          nicolae_take_the_stairs, uniq_sonja
Temple:   lightli_temple_of_artemis
Lair:1:   dpeg_oklob_gauntlet, layout_cave_pods, special_room,
          lemuel_fruit_fields
Lair:2:   layout_chaotic_city, beast_lair_carwin_4, infiniplex_staircase_pool,
          serial_bayou_shore_a, grunt_megastairs_1
Lair:3:   layout_hall_layers, guppyfry_snake_entry_island, serial_bayou_shore_b,
          lemuel_fruit_fields, grunt_megastairs_5, serial_bayou_shore_b
Lair:4:   layout_gridlike, minmay_shoals_entry_centaurs,
          kennysheep_catoblepas_arena
Lair:5:   layout_cave_pods, slime_altar_1
Lair:6:   minmay_lair_end_frog_pond, layout_regular_city,
          infiniplex_staircase_pool_2

Skill      XL: |  1  2  3  4  5  6  7  8  9 10 11 12 13 |
---------------+----------------------------------------+-----
Shields        | 4 5 6 7 8 10 11 12 13 | 13.9
Long Blades    | 3 4 5 6 7 8 9 10 11 13 14 | 14.2
Armour         | 4 5 6 7 8 9 10 11 | 11.3
Fighting       | 4 5 6 7 8 9 11 | 11.2
Dodging        | 1 |  1.0
Invocations    | 1 3 5 6 8 9 10 | 10.7
Slings         | 2 4 5 6 7 8 |  8.7
Short Blades   | 1 2 |  2.1
Throwing       | |  0.6
Stealth        | |  0.2

Action                   |  1- 3 |  4- 6 |  7- 9 | 10-12 | 13-15 || total
-------------------------+-------+-------+-------+-------+-------++-------
Melee: Long sword        |    98 |    27 |   149 |       |       ||   274
       Headbutt          |    14 |    12 |    86 |   152 |    97 ||   361
       Scimitar          |       |       |   165 |   544 |   304 ||  1013
       Short sword       |       |       |       |    13 |    39 ||    52
 Fire: Hunting sling     |       |       |    34 |       |       ||    34
       Fustibalus        |       |       |     5 |    61 |    80 ||   146
Throw: Dart              |       |       |     5 |     2 |       ||     7
Invok: Finesse           |       |       |       |     1 |     2 ||     3
       Heroism           |       |       |       |     1 |     1 ||     2
Evoke: Wand              |       |       |       |     1 |       ||     1
  Use: Scroll            |     3 |       |     6 |    13 |     4 ||    26
       Potion            |       |     1 |     3 |     3 |     2 ||     9
 Stab: Paralysed         |       |       |       |     2 |       ||     2
Armor: Scale mail        |    40 |     6 |    53 |       |       ||    99
       Chain mail        |       |       |    53 |   191 |    72 ||   316
Dodge: Dodged            |    34 |    13 |    59 |   116 |    68 ||   290
Block: Kite shield       |    54 |     9 |   256 |   580 |   291 ||  1190
       Reflection        |       |       |     5 |    29 |     7 ||    41
       Rpst.: Long sword |     6 |     5 |     6 |       |       ||    17
       Scimitar          |       |       |     7 |    23 |    12 ||    42
